cohdb
Replays
Latest Replays
All Replays
Popular Replays
Top Player Replays
Match Explorer
How It Works
Community
CoH3 Stats
Reddit
Sign in to upload your games and track your stats! →
Sign in with Steam
Match 43670449
Unlisted
Match 43670449
Overview
Messages
Build Orders
End
Kradschützen Motorcycle Team
Panzergrenadier Squad
Panzergrenadier Squad
Selects Italian Infantry
Construct Light Support Kompanie
Selects Defensive Operations
MG34 Team
Fire Support Elements
Panzerjäger Mechanized Group
Flakvierling Half-track
Vehicle Survival Package
2.5-tonne Medical Truck
Selects Guastatori Squad
Guastatori Squad
Selects Registered Artillery
Pak 38 Mechanized Group
Registered Artillery
只愛❤毛妹
Studano
0
0
Comments
sign in to comment!
No comments posted yet!